Map: 카탈리스트 - 래더

Players

GuMiho - Winner!

  • Race: Terran Terran
  • League: Master
  • Spawn Location: 11:00

aLive

  • Race: Terran Terran
  • League: Grandmaster
  • Spawn Location: 5:00

VOD

Have the link to the VOD?

Description

Time

  • Played on: Dec. 22, 2017, 5:25 a.m.
  • Length: 12:01
Show
View Real Time Build Order
Export as new Build Order

GuMiho Terran - Winner!

Build Orders: 1/1/1, Cyclone Opening, Bio Tank 

Get SALT Encoding   

  12  0:00  SCV  
  13  0:13  SCV  
  14  0:17  Supply Depot  
  14  0:25  SCV  
  15  0:29  Refinery  
  15  0:38  SCV  
  16  0:45  Barracks  
  16  0:50  SCV  
  16  0:56  Refinery  
  17  1:02  SCV  
  18  1:15  SCV  
  19  1:31  Orbital Command  
  19  1:32  Reaper  
  20  1:36  Factory  
  20  1:47  Supply Depot  
  20  1:57  SCV  
  21  2:04  Reaper  
  22  2:09  SCV  
  23  2:20  Cyclone  
  23  2:21  SCV  
  27  2:23  Starport  
  27  2:31  Supply Depot  
  27  2:33  SCV  
  28  2:37  Barracks Tech Lab  
  28  2:45  SCV  
  29  2:57  SCV  
  30  3:07  Cloaking Field, Banshee  
  30  3:12  Hellion  
  34  3:13  Barracks Reactor  
  34  3:14  SCV  
  34  3:27  SCV  
  34  3:33  Command Center  
  34  3:40  Supply Depot  
  34  3:45  SCV  
  34  3:50  Banshee  
  34  3:53  Marine  
  35  3:56  Marine  
  35  3:59  Command Center  
  35  4:01  Factory Tech Lab  
  36  4:04  SCV  
  37  4:17  SCV  
  39  4:22  Siege Tank  
  39  4:23  Marine x2  
  43  4:29  SCV  
  44  4:32  Supply Depot  
  44  4:35  Raven  
  46  4:41  SCV  
  47  4:57  Siege Tank  
  47  4:58  Marine x2  
  49  5:03  Bunker  
  49  5:08  SCV  
  49  5:10  Orbital Command  
  53  5:21  SCV  
  51  5:32  Marine  
  51  5:33  SCV, Stimpack  
  51  5:34  Starport Reactor, Barracks x2  
  50  5:37  SCV  
  51  5:43  Refinery  
  51  5:45  SCV  
  51  5:49  Siege Tank  
  55  5:50  Marine  
  55  5:51  SCV  
  57  5:57  SCV  
  57  6:02  Supply Depot  
  57  6:03  Engineering Bay  
  58  6:06  SCV  
  58  6:08  Marine  
  58  6:09  SCV  
  58  6:11  Supply Depot  
  61  6:18  SCV  
  61  6:19  Starport Reactor  
  61  6:21  SCV  
  61  6:22  Marine x2  
  61  6:25  Siege Tank  
  68  6:26  Marine  
  68  6:30  Marine x2  
  71  6:33  SCV  
  71  6:34  SCV, Terran Infantry Weapons Level 1  
  71  6:39  Refinery  
  73  6:40  Marine  
  73  6:41  Marine  
  73  6:43  Marine  
  73  6:45  SCV  
  73  6:46  SCV  
  80  6:55  Supply Depot  
  80  6:56  Supply Depot  
  80  6:59  SCV x2  
  80  7:01  Marine  
  86  7:04  Marine  
  86  7:06  Medivac x2  
  86  7:18  SCV  
  86  7:20  Marine x3, Supply Depot  
  86  7:21  Marine  
  91  7:27  Command Center  
  91  7:29  Siege Tank  
  94  7:30  Marine  
  94  7:34  Combat Shields  
  94  7:35  Supply Depot  
  94  7:37  SCV x2  
  97  7:38  Marine  
  97  7:39  Marine  
  97  7:40  Marine x2  
  97  7:43  Medivac  
  103  7:46  Medivac  
  103  7:51  Marine  
  104  7:56  Marine  
  90  8:06  Marine  
  90  8:07  Marine, Siege Tank  
  90  8:08  Marine  
  90  8:09  Marine  
  97  8:13  SCV  
  97  8:14  SCV, Marine  
  97  8:16  Barracks  
  98  8:23  Medivac x2  
  98  8:24  Marine  
  98  8:25  SCV, Marine x2  
  98  8:26  SCV  
  107  8:28  Barracks  
  107  8:32  Terran Infantry Armor Level 1  
  107  8:36  Marine x2  
  107  8:38  SCV x2  
  111  8:42  Marine  
  111  8:43  Marine x2  
  108  8:49  Orbital Command  
  108  8:53  Marine  
  108  8:54  Marine  
  108  8:58  SCV x2  
  108  9:00  Marine  
  108  9:01  Marine x2  
  104  9:11  Marine x2  
  103  9:18  Marine  
  103  9:19  Marine x2  
  103  9:20  SCV  
  103  9:21  SCV, Siege Tank  
  103  9:22  Barracks Reactor, Barracks Tech Lab  
  112  9:24  SCV  
  112  9:28  Armory  
  112  9:29  Marine  
  113  9:33  SCV, Engineering Bay  
  113  9:34  Viking  
  113  9:36  Viking  
  118  9:43  Missile Turret  
  118  9:54  Marauder x2  
  118  9:55  Marine, Siege Tank  
  118  9:56  Marine x3  
  118  9:58  SCV x2  
  130  10:13  Marine  
  110  10:15  SCV x2  
  110  10:16  SCV  
  110  10:18  Marine  
  96  10:22  Marine x3, Marauder  
  96  10:23  Marine x2  
  96  10:27  SCV  
  96  10:28  SCV x2  
  98  10:31  Marine  
  98  10:32  Viking  
  100  10:35  Marine, Viking  
  100  10:40  SCV x3  
  97  10:43  Siege Tank  
  97  10:44  Marine  
  101  10:50  Marine x4  
  101  10:52  SCV  
  101  10:54  Marine, Marauder  
  109  10:58  Bunker  
  109  11:03  Viking  
  111  11:05  SCV x3  
  111  11:08  Viking  
  116  11:13  Marauder  
  116  11:17  Marauder  
  120  11:24  Refinery, Marine  
  121  11:27  Refinery, Marine x2  
  102  11:42  Marine x2  
Show
View Real Time Build Order
Export as new Build Order

aLive Terran 

Build Orders: 1/1/1, Cyclone Opening, Mech 

Get SALT Encoding   

  12  0:00  SCV  
  13  0:13  SCV  
  14  0:18  Supply Depot  
  14  0:25  SCV  
  15  0:29  Refinery  
  15  0:40  SCV  
  16  0:44  Barracks  
  16  0:52  SCV  
  16  0:55  Refinery  
  17  1:04  SCV  
  18  1:16  SCV  
  19  1:28  SCV  
  19  1:32  Reaper  
  21  1:34  Factory  
  21  1:42  Orbital Command  
  21  1:52  Supply Depot  
  21  2:04  Reaper  
  21  2:08  SCV  
  23  2:18  Cyclone  
  27  2:26  Starport  
  27  2:28  SCV  
  27  2:33  Supply Depot  
  27  2:43  Marine  
  28  2:45  Bunker  
  28  2:52  Cyclone  
  28  2:58  SCV  
  32  3:01  Marine  
  32  3:10  SCV  
  32  3:22  SCV, Starport  
  33  3:31  Cyclone  
  33  3:32  Barracks Tech Lab  
  36  3:36  SCV  
  36  3:49  Supply Depot  
  35  4:00  Command Center  
  35  4:05  SCV  
  36  4:10  Raven, Barracks Reactor  
  36  4:11  Cyclone  
  41  4:17  SCV  
  41  4:29  SCV  
  42  4:32  Supply Depot  
  42  4:41  SCV  
  41  4:53  SCV  
  42  5:05  Command Center  
  42  5:11  SCV  
  43  5:14  Armory  
  43  5:15  Armory  
  43  5:24  SCV  
  42  5:31  Orbital Command  
  42  5:35  Siege Tank  
  45  5:36  SCV  
  46  5:47  Viking  
  46  5:48  SCV  
  49  5:54  Viking  
  51  5:58  SCV  
  52  6:04  Refinery  
  52  6:05  SCV  
  52  6:06  Refinery  
  52  6:10  SCV  
  54  6:13  Siege Tank  
  54  6:17  SCV  
  58  6:20  Orbital Command  
  58  6:22  SCV  
  59  6:30  SCV  
  59  6:32  Supply Depot  
  60  6:34  SCV  
  60  6:35  Terran Vehicle Weapons Level 1  
  60  6:37  Terran Vehicle And Ship Armor Level 1  
  61  6:42  SCV  
  61  6:46  SCV  
  63  6:54  SCV  
  64  6:58  SCV  
  64  6:59  Factory  
  65  7:03  Factory  
  65  7:06  SCV  
  65  7:07  Supply Depot  
  66  7:09  Supply Depot  
  66  7:10  SCV, Orbital Command  
  67  7:16  Starport Reactor  
  67  7:18  SCV  
  67  7:22  SCV, Hellion x2  
  73  7:27  Refinery  
  73  7:30  SCV  
  73  7:31  Refinery  
  73  7:34  SCV  
  73  7:36  SCV  
  76  7:39  Supply Depot  
  76  7:42  SCV  
  77  7:45  Hellion x2  
  77  7:46  SCV  
  82  7:53  Liberator x2  
  82  8:05  SCV x2  
  79  8:08  Factory Tech Lab, Siege Tank  
  79  8:10  Hellbat x2  
  88  8:32  Hellbat, Siege Tank  
  88  8:33  Hellbat, Terran Vehicle Weapons Level 2  
  95  8:38  Terran Vehicle And Ship Armor Level 2, Supply Depot  
  95  8:40  Siege Tank  
  98  8:46  Orbital Command  
  64  8:58  Viking  
  64  8:59  SCV x2, Viking  
  64  9:00  Hellbat x2  
  70  9:07  Orbital Command  
  59  9:11  SCV x2  
  61  9:23  SCV x2  
  63  9:32  Medivac x2  
  63  9:37  SCV x3  
  70  9:43  Hellbat  
  72  9:56  Siege Tank  
  72  9:57  Siege Tank  
  72  9:58  Orbital Command, Hellbat  
  80  10:01  SCV x2  
  80  10:05  Hellbat  
  63  10:25  Hellbat  
  63  10:26  Hellbat  
  63  10:28  Siege Tank  
  67  10:29  Siege Tank  
  67  10:30  SCV x2  
  72  10:41  SCV  
  72  10:42  SCV x2  
  75  10:46  Hellbat  
  75  10:48  Hellbat  
  76  10:53  Viking  
  76  10:55  SCV x2  
  76  10:56  SCV  
  81  11:00  Siege Tank  
  81  11:01  Supply Depot  
  84  11:10  Hellbat x2  
  88  11:13  SCV x2  
  88  11:17  Supply Depot  
  93  11:18  Viking, Siege Tank  
  95  11:28  Orbital Command  
Tags
 
Add a new tag
Caveats
  • Supply blocks, unpowered buildings, or Contaminate may cause inaccurate times.
  • Supply counts are checked every 10 seconds.